 Dungeon Crawl Stone Soup version 0.26-a0-597-gb535b0901c (webtiles) character file.

Game seed: 3818848905281527235

(classic levelgen) 5568 EnegeticOcto the Cleaver (level 10, -6/92 HPs)
             Began as a Deep Dwarf Fighter on Sept 1, 2020.
             Was a Priest of Makhleb.
             Killed from afar by Erolcha (18 damage)
             ... with a stone arrow
             ... on level 9 of the Dungeon.
             The game lasted 00:04:14 (5313 turns).

EnegeticOcto the Cleaver (Deep Dwarf Fighter)       Turns: 5313, Time: 00:04:15

Health: -6/92      AC: 16    Str: 23    XL:     10   Next: 44%
Magic:  9/9        EV:  6    Int:  9    God:    Makhleb [***...]
Gold:   480        SH: 11    Dex: 12    Spells: 9/9 levels left

rFire    + . .     SeeInvis .   a - +0 broad axe
rCold    . . .     Faith    .   c - +0 kite shield
rNeg     . . .     Spirit   .   r - +2 chain mail {rF+}
rPois    .         Reflect  .   (no helmet)
rElec    .         Harm     .   (no cloak)
rCorr    +                      (no gloves)
MR       +....                  (no boots)
Stlth    ..........             (no amulet)
HPRegen  0.00/turn              y - ring of resist corrosion
MPRegen  0.11/turn              p - +4 ring of protection

@: non-regenerating
A: damage resistance, heal wounds, sense surroundings 2, no regeneration
a: Heal Wounds, Minor Destruction, Lesser Servant of Makhleb, Renounce Religion


You were on level 9 of the Dungeon.
You worshipped Makhleb.
Makhleb was most pleased with you.
You visited 2 branches of the dungeon, and saw 10 of its levels.
You also visited: Sewer.

You collected 480 gold pieces.

Inventory:

Hand Weapons
 a - a +0 broad axe (weapon)
 e - a +0 dagger of distortion
Missiles
 u - 2 throwing nets (quivered)
Armour
 c - a +0 kite shield (worn)
 r - a +2 chain mail of fire resistance (worn)
Jewellery
 p - a +4 ring of protection (right hand)
 y - a ring of resist corrosion (left hand)
Wands
 k - a wand of disintegration (26)
 v - a wand of iceblast (34) {@v2}
Scrolls
 h - 4 scrolls of teleportation {@r3}
 j - a scroll of enchant armour
 m - a scroll of enchant weapon
 n - 2 scrolls of remove curse {@r2}
 o - a scroll of immolation {unknown}
 x - 2 scrolls of fog {unknown}
Potions
 b - 3 potions of haste {@q4}
 d - 3 potions of might {@q3}
 f - 2 potions of berserk rage
 g - a potion of cancellation {unknown}
 i - 2 potions of mutation
 l - 5 potions of heal wounds {@q2}
 q - 2 potions of ambrosia
 s - a potion of resistance {@q6}
 t - a potion of curing {unknown}
 w - 2 potions of flight
 z - a potion of magic {unknown}


   Skills:
 + Level 6.5 Fighting
 * Level 10.4 Axes
 + Level 8.0 Armour
 + Level 7.8 Shields
 + Level 7.2 Invocations


You had 9 spell levels left.
You didn't know any spells.
Your spell library was empty.

Dungeon Overview and Level Annotations

Branches:
Dungeon (9/15)             Temple (1/1) D:4           Sewer (visited)
   Lair: D:8-11         Orc: D:9-12

Altars:
Ashenzari
Cheibriados
Dithmenos
Elyvilon
Fedhas
Gozag
Hepliaklqana
Kikubaaqudgha
Makhleb
Nemelex Xobeh
Okawaru
Qazlal
Ru
Sif Muna
Trog
Uskayaw
Vehumet
Wu Jian
Yredelemnul
Zin
The Shining One
Beogh

Annotations:
D:6 exclusion: oklob plant
D:9 Erolcha


Innate Abilities, Weirdness & Mutations

You are resistant to damage.
You can heal yourself by infusing magical energy.
You passively map the area around you.
You do not regenerate.


Message History

No target in view!
No target in view!
No target in view!
No target in view!
No target in view!
No target in view!
No target in view!
No target in view!
No target in view!
No target in view!
You see here 11 stones.
Found a stone staircase leading down.
x - a scroll labeled CAELALY XERO An ogre comes into view.
It is wielding a +0 giant club.
The ogre shouts!
An ogre is nearby!
An ogre is nearby!
An ogre is nearby!
There is a stone staircase leading down here.
The ogre hits you with a +0 giant club!
You slash the ogre!
The ogre is heavily wounded.
You block the ogre's attack.
You hit the ogre.
The ogre is severely wounded.
You block the ogre's attack.
You barely miss the ogre.
The ogre is severely wounded.
You slash the ogre!
You kill the ogre!
Makhleb accepts your kill.
You feel better.
Your Armour skill increases to level 8!
No target in view!
No target in view!
No target in view!
No target in view!
No target in view!
No target in view!
Found a scroll labeled CAELALY XERO.
Things that are here:
a +0 giant club; an ogre corpse
Found a potion of degeneration.
h - 4 scrolls of teleportation {@r3} (gained 1)
x - 2 scrolls labeled CAELALY XERO (gained 1) Erolcha the Cunning comes into view.
She is wielding a +0 giant club.
Erolcha casts a spell.
Erolcha flickers and vanishes!
Deactivating autopickup; reactivate with Ctrl-A.
No target in view!
There is a strange disturbance nearby!
No target in view!
No target in view!
No target in view!
No target in view!
No target in view!
No target in view!
No target in view!
No target in view!
No target in view!
No target in view!
No target in view!
No target in view!
There is a strange disturbance nearby!
There is a strange disturbance nearby!
There is a strange disturbance nearby!
There is a strange disturbance nearby!
There is a strange disturbance nearby!
No target in view!
You hit something. You block something's attack.
You slash something!
You hear some strange, mumbled words.
A stone arrow appears from out of thin air!
The stone arrow hits you but does no damage.
You barely miss something. Something hits you.
You hit something. Something hits you.
You closely miss something. Something hits you but does no damage.
You closely miss something. You block something's attack.
You barely miss something. Something hits you!
You hit something. You block something's attack.
You hit something. You closely miss something. Something hits you.
You barely miss something. Something hits you but does no damage.
You closely miss something.
You hear some strange, mumbled words.
A stone arrow appears from out of thin air!
The stone arrow hits you!!
You hit something.
You hear some strange, mumbled words.
A stone arrow appears from out of thin air!
The stone arrow hits you.
You closely miss something. Something hits you!
You hit something. Something hits you!
* * * LOW HITPOINT WARNING * * *
You slice something!! You block something's attack.
Your shield and chain mail prevent you from hitting something.
You hear some strange, mumbled words.
A stone arrow appears from out of thin air!
The stone arrow hits you!!
You die...

** * *, ,
*#.. * ,
##... ,
*#....# , *
#....# ..
##....# * ,
#... ##.... *
* ..*
*#..#..{#**
..#*# #..@###
..# ##
###...###
#.#*##.
###...###*#.#
#..
###...##.#*
#.. ###...#
#.. ##..# #..
##.######..
##...##....
#..........


There were no monsters in sight!

Vanquished Creatures
  A two-headed ogre (D:8)
  Pikel (D:9)
  A troll (D:9)
  Prince Ribbit (D:5)
  2 hippogriffs (D:8)
  Edmund (D:5)
  An orc warrior (D:7)
  A sky beast (D:9)
  A phantom (D:9)
  6 ogres
  2 centaurs (D:8)
  A necrophage (D:5)
  4 lemures (D:9)
  2 big kobolds
  5 bullfrogs
  2 wyvern zombies (D:8)
  2 scorpions
  A howler monkey (D:8)
  3 centaur skeletons
  A bullfrog skeleton (D:8)
  3 hounds
  8 jellies
  13 orc priests
  5 iguanas
  Terence (D:3)
  5 orc wizards
  7 worker ants
  A howler monkey zombie (D:9)
  10 adders
  A river rat (Sewer)
  A white imp (D:8)
  10 oozes
  An adder zombie (D:5)
  An adder skeleton (D:5)
  2 worms
  2 dart slugs
  9 leopard geckos
  43 orcs
  2 giant cockroaches (D:4)
  9 goblins
  4 hobgoblins
  10 jackals
  3 quokkas
  A ball python (D:1)
  6 bats
  6 frilled lizards
  14 kobolds
  A leopard gecko zombie (D:7)
  A quokka zombie (D:6)
  10 rats
229 creatures vanquished.

Vanquished Creatures (others)
  5 fungi (D:6)
5 creatures vanquished.

Grand Total: 234 creatures vanquished

Notes
Turn   | Place    | Note
-------+----------+-------------------------------------------
     0 | D:1      | EnegeticOcto the Deep Dwarf Fighter began the quest for the
                  | Orb.
     0 | D:1      | Reached XP level 1. HP: 20/20 MP: 1/1
    40 | D:1      | Reached XP level 2. HP: 27/27 MP: 2/2
   326 | D:1      | Reached skill level 3 in Axes
   372 | D:1      | Reached XP level 3. HP: 20/33 MP: 3/3
   651 | D:3      | Reached XP level 4. HP: 41/42 MP: 4/4
   690 | D:3      | Noticed Terence
   699 | D:3      | Killed Terence
   777 | D:3      | Found a white marble altar of Elyvilon.
   839 | D:3      | Reached skill level 4 in Axes
   839 | D:3      | Reached XP level 5. HP: 13/49 MP: 5/5
  1324 | D:4      | Reached XP level 6. HP: 41/56 MP: 6/6
  1395 | D:4      | Reached skill level 5 in Axes
  1516 | D:4      | Reached XP level 7. HP: 39/64 MP: 7/7
  1530 | D:4      | Reached skill level 5 in Shields
  1599 | D:4      | Found a staircase to the Ecumenical Temple.
  1613 | Temple   | Entered the Ecumenical Temple
  1655 | Temple   | Became a worshipper of Makhleb the Destroyer
  1703 | D:4      | Found a glowing drain.
  1717 | Sewer    | Entered a sewer
  1796 | Sewer    | Reached skill level 6 in Axes
  1796 | Sewer    | Reached skill level 5 in Armour
  1812 | Sewer    | Found a white marble altar of Elyvilon.
  1938 | D:4      | Reached skill level 1 in Invocations
  2212 | D:5      | Entered Level 5 of the Dungeon
  2340 | D:5      | Noticed Edmund
  2366 | D:5      | Killed Edmund
  2366 | D:5      | Reached XP level 8. HP: 38/73 MP: 7/7
  2384 | D:5      | Noticed Prince Ribbit
  2390 | D:5      | Killed Prince Ribbit
  2390 | D:5      | Reached skill level 7 in Axes
  2571 | D:5      | Reached * piety under Makhleb
  2925 | D:6      | Noticed an oklob plant
  2945 | D:6      | Reached skill level 5 in Fighting
  3153 | D:6      | Reached skill level 8 in Axes
  3273 | D:7      | Gained mutation: You passively map the area around you.
                  | [Deep Dwarf growth]
  3273 | D:7      | Reached XP level 9. HP: 80/81 MP: 9/9
  3282 | D:7      | Reached ** piety under Makhleb
  3576 | D:7      | Found an opulent altar of Gozag.
  3904 | D:8      | Reached skill level 5 in Invocations
  4052 | D:8      | Reached skill level 9 in Axes
  4079 | D:8      | Found a roughly hewn altar of Beogh.
  4092 | D:8      | Reached *** piety under Makhleb
  4575 | D:8      | Noticed a two-headed ogre
  4584 | D:8      | Killed a two-headed ogre
  4584 | D:8      | Reached XP level 10. HP: 43/91 MP: 10/10
  4698 | D:9      | Reached skill level 10 in Axes
  4713 | D:9      | Found an ancient bone altar of Kikubaaqudgha.
  5025 | D:9      | Noticed Pikel
  5040 | D:9      | Killed Pikel
  5296 | D:9      | Noticed Erolcha
  5313 | D:9      | Killed from afar by Erolcha

Illustrated notes

Levels and vault maps discovered:
D:1:      minmay_arrival_wavy_path, layout_loops_corners,
          chequers_serial_rivers_micro_d, minmay_vboxes
D:2:      layout_loops_corners, marbit_many_paths, st_stairs_12, chequers_jeans,
          kennysheep_generic_room_11
D:3:      layout_basic, ebering_dispersal_statue_hall, corexii_corridor_pit,
          elyvilon_altar_4, uniq_terence
D:4:      layout_cave_pods, minmay_temple_entry_tees, portal_sewer_entry_b
D:5:      layout_basic, minmay_misc_feat_enclosed, uniq_edmund,
          uniq_prince_ribbit1
D:6:      lemuel_slime, layout_cave_pools
D:7:      layout_loops_ring, basic_altar
D:8:      layout_loops_ring, special_room [special_room_orc], grunt_tough_drop
D:9:      layout_cave_pods, basic_altar, corner_web_ring,
          corexii_leaking_fountain, minmay_variable_closet, uniq_erolcha,
          uniq_pikel
Temple:   nicolae_temple_the_god_donut

Skill      XL: |  1  2  3  4  5  6  7  8  9 10 |
---------------+-------------------------------+-----
Axes           | 3 4 5 6 8 9 10 | 10.4
Fighting       | 3 4 5 6 |  6.5
Shields        | 4 5 6 7 |  7.8
Armour         | 4 5 6 7 8 |  8.0
Invocations    | 2 4 6 7 |  7.2

Action                   |  1- 3 |  4- 6 |  7- 9 | 10-12 || total
-------------------------+-------+-------+-------+-------++-------
Melee: War axe           |   103 |   106 |   507 |    85 ||   801
       Broad axe         |       |       |       |    21 ||    21
 Abil: Heal Wounds       |     1 |     7 |    14 |     7 ||    29
  Use: Scroll            |       |       |    18 |       ||    18
Armor: Plate armour      |    71 |    10 |       |       ||    81
       Scale mail        |    18 |       |       |       ||    18
       Chain mail        |       |    45 |   235 |    75 ||   355
Dodge: Dodged            |    23 |    26 |   119 |    31 ||   199
Block: Kite shield       |    78 |    63 |   261 |    84 ||   486

Table legend: (Time is in decaauts)
 A = Elapsed time spent in this place.
 B = Non-inter-level travel time spent in this place.
 C = Inter-level travel time spent in this place.
 D = Time resting spent in this place.
 E = Time spent auto-exploring this place.
 F = Levels seen in this place.
 G = Mean time per level.
                   A        B        C        D        E       F      G
               +--------+--------+--------+--------+--------+-----+--------+
         Total |   5503 |   5251 |    252 |      0 |   3668 |  11 |  500.3 |
       Dungeon |   5278 |   5037 |    241 |      0 |   3521 |   9 |  586.4 |
        Temple |     54 |     43 |     11 |      0 |     37 |   1 |   54.0 |
         Sewer |    169 |    169 |      0 |      0 |    109 |   1 |  169.0 |
               +--------+--------+--------+--------+--------+-----+--------+

Top non-repeatable levels by time:
     D:8: 844 daAuts
     D:4: 766 daAuts
     D:3: 723 daAuts
     D:9: 653 daAuts
     D:7: 589 daAuts
     D:5: 566 daAuts
     D:6: 514 daAuts
     D:1: 434 daAuts
     D:2: 187 daAuts
   Sewer: 169 daAuts
  Temple: 54 daAuts
